 Dungeon Crawl Stone Soup version 0.24.0-125-gc4c63601f3 (webtiles) character file.

Game seed: 14336343709942168018, levelgen mode: deterministic

21264 Curus the Spear-Bearer (level 12, -7/103 HPs)
             Began as a Minotaur Fighter on Mar 4, 2020.
             Was a Priest of Makhleb.
             Mangled by a death yak (10 damage)
             ... on level 4 of the Lair of Beasts.
             The game lasted 00:43:55 (11403 turns).

Curus the Spear-Bearer (Minotaur Fighter)          Turns: 11403, Time: 00:43:56

Health: -7/103     AC: 18    Str: 21    XL:     12   Next: 52%
Magic:  18/18      EV:  5    Int:  6    God:    Makhleb [***...]
Gold:   783        SH: 12    Dex: 12    Spells: 11/11 levels left

rFire    . . .     SeeInvis .   o - +4 trident (pierce)
rCold    . . .     Gourm    .   c - +0 shield
rNeg     . . .     Faith    .   x - +0 plate armour
rPois    +         Spirit   .   (helmet unavailable)
rElec    .         Reflect  .   z - scarf {repulsion}
rCorr    +         Harm     .   B - +1 pair of gloves
MR       .....     Clarity  +   k - +1 pair of boots
Stlth    ..........             v - amulet of rage
HPRegen  0.27/turn              y - ring of poison resistance
MPRegen  0.16/turn              Q - ring of resist corrosion

@: repel missiles
A: retaliatory headbutt, horns 3, clarity, dopey 1
a: Minor Destruction, Lesser Servant of Makhleb, Renounce Religion, Evoke
Berserk Rage


You were on level 4 of the Lair of Beasts.
You worshipped Makhleb.
Makhleb was most pleased with you.
You were not hungry.

You visited 2 branches of the dungeon, and saw 15 of its levels.
You also visited: Sewer.

You collected 783 gold pieces.

Inventory:

Hand Weapons
 a - a +0 trident
 o - a +4 trident of piercing (weapon)
Armour
 b - a +0 scale mail
 c - a +0 shield (worn)
 h - a +0 chain mail
 k - a +1 pair of boots (worn)
 p - a +0 pair of boots
 q - a +1 pair of gloves
 x - a +0 plate armour (worn)
 z - a scarf of repulsion (worn)
 B - a +1 pair of gloves (worn)
 U - +0 fire dragon scales
Jewellery
 e - an uncursed ring of see invisible
 j - a +3 ring of dexterity
 v - an amulet of rage (around neck)
 w - an uncursed amulet of magic regeneration
 y - a ring of poison resistance (left hand)
 I - a +5 ring of dexterity
 J - an uncursed ring of ice
 L - an uncursed amulet of guardian spirit
 M - a +4 ring of strength
 N - an uncursed ring of ice
 P - an uncursed ring of magical power
 Q - a ring of resist corrosion (right hand)
 R - a +4 ring of protection
 T - an uncursed ring of positive energy
Wands
 l - a wand of random effects (21)
 m - a wand of polymorph (18)
 r - a wand of flame (4)
 E - a wand of paralysis (18)
 G - a wand of acid (16)
 O - a wand of digging (7)
 S - a wand of iceblast (9)
Scrolls
 g - 13 scrolls of identify
 n - 9 scrolls of teleportation
 s - a scroll of fog
 D - 5 scrolls of magic mapping
 H - 5 scrolls of remove curse
 K - 2 scrolls of fear
Potions
 d - 2 potions of might
 i - 11 potions of curing
 t - 4 potions of flight
 u - 2 potions of heal wounds
 A - a potion of invisibility
 C - a potion of brilliance
 F - a potion of degeneration
Comestibles
 f - 28 rations


   Skills:
 - Level 8.7 Fighting
 - Level 14.0 Polearms
 - Level 8.7 Armour
 - Level 10.0 Shields
 + Level 10.4 Invocations
 + Level 6.3 Evocations


You had 11 spell levels left.
You didn't know any spells.
Your spell library contained the following spells:

 Spells                   Type           Power        Failure   Level  Hunger
 Animate Skeleton         Necr           N/A          100%        1    ##.....
 Pain                     Necr           #...         100%        1    ##.....
 Regeneration             Chrm/Necr      #.........   100%        3    ####...
 Vampiric Draining        Necr           #.........   100%        3    ####...
 Animate Dead             Necr           N/A          100%        4    #####..


Dungeon Overview and Level Annotations

Branches:
Dungeon (9/15)             Temple (0/1) D:7            Lair (6/6) D:9
  Swamp (0/4) Lair:3       Spider (0/4) Lair:2        Slime (0/5) Lair:5
  Sewer (visited)
    Orc: D:9-12

Altars:
Elyvilon
Gozag
Hepliaklqana
Makhleb
Sif Muna
Uskayaw
Vehumet

Shops:
D:6 (   D:7 %

Annotations:
Lair:1 1 runed translucent door, kalagan's ghost, novice GrEE
Lair:3 1 runed translucent door, Name63's ghost, journeyman GnWz
Lair:5 exclusion: 4 oklob plants


Innate Abilities, Weirdness & Mutations

You reflexively headbutt those who attack you in melee.
You have a pair of large horns on your head.
You possess an exceptional clarity of mind.
You are dopey. (Int -2)


Message History

A mysterious force pulls you upwards. The hatch slams shut behind you.
You puncture the death yak!
The death yak is moderately wounded.
The death yak gores you but does no damage.
Your shield and plate armour prevent you from hitting the death yak.
You headbutt the death yak, but do no damage.
The death yak is moderately wounded.
The death yak barely misses you.
You barely miss the death yak.
The death yak is moderately wounded.
The death yak gores you but does no damage.
The death yak gores you!!
* * * LOW HITPOINT WARNING * * *
A demon appears!
You can no longer hurl Makhleb's greater destruction.
The death yak gores you but does no damage.
The death yak gores you!
* * * LOW HITPOINT WARNING * * *
The death yak gores you!
You die...

#>............###
#.....##...#...#
##...P.##.......#
#......#....#.###
####..##.....## #..#.#....#
#### ##...#.....# #####..##
#...##....####.......#
###....#...@###........# ###
#.#...##...Y..##..P≈≈..###..
##..........PY#..#≈≈≈.......
#.........4...#.≈≈≈≈≈......
#....##....#.##..≈≈≈.......
##.#.##P.........≈(≈≈......
##.#######..............##
### ##.##..<....####
#######....#


You could see 2 death yaks and a friendly hellwing.

Vanquished Creatures
  Erica (Lair:2)
  2 death yaks (Lair:2)
  An unseen horror (D:9)
  4 elephants (Lair:5)
  Psyche (D:8)
  4 black mambas
  6 spiny frogs
  A torpor snail (Lair:2)
  4 komodo dragons (Lair:2)
  4 bog bodies (Lair:3)
  20 blink frogs
  4 hippogriffs
  Prince Ribbit (D:8)
  A spriggan (D:7)
  A tarantella (Lair:2)
  5 yaks (Lair:1)
  A basilisk (Lair:4)
  A hungry ghost (D:7)
  3 wargs (D:9)
  2 swamp worms (Lair:3)
  6 porcupines
  Duvessa (D:4)
  6 water moccasins
  2 sky beasts
  A black bear (D:7)
  An orc warrior (D:6)
  A phantom (D:5)
  An ice beast (D:8)
  An ogre (D:9)
  10 wolves
  A centaur (D:7)
  5 crocodiles
  A big kobold (Sewer)
  8 bullfrogs
  A gnoll sergeant (D:6)
  Dowan (D:4)
  3 scorpions
  6 killer bees (D:7)
  5 howler monkeys (D:8)
  3 electric eels
  A crimson imp (D:6)
  A quasit (D:6)
  2 hounds (D:6)
  2 gnoll shamans (D:6)
  6 orc priests
  10 orc wizards
  Ijyb (D:4)
  A bullfrog skeleton (D:4)
  Natasha (twice) (D:3)
  5 iguanas
  5 worker ants
  19 gnolls
  8 adders
  A river rat (Sewer)
  An ooze (D:3)
  3 worms
  A dart slug (D:4)
  5 leopard geckos
  40 orcs
  6 bats
  9 giant cockroaches
  5 goblins
  3 hobgoblins
  9 jackals
  A quokka (D:2)
  A ball python (D:1)
  A ball python skeleton (D:4)
  3 frilled lizards
  A jackal skeleton (D:4)
  9 kobolds
  2 quokka skeletons (D:4)
  12 rats
307 creatures vanquished.

Vanquished Creatures (others)
  2 fungi
  2 plants (Lair:3)
4 creatures vanquished.

Grand Total: 311 creatures vanquished

Notes
Turn   | Place    | Note
-------+----------+-------------------------------------------
     0 | D:1      | Curus the Minotaur Fighter began the quest for the Orb.
     0 | D:1      | Reached XP level 1. HP: 19/19 MP: 0/0
   142 | D:1      | Reached skill level 3 in Polearms
   272 | D:1      | Reached XP level 2. HP: 26/26 MP: 1/1
   956 | D:2      | Reached skill level 4 in Polearms
   958 | D:2      | Reached XP level 3. HP: 24/31 MP: 2/2
  1611 | D:3      | Found a white marble altar of Elyvilon.
  1611 | D:3      | Found a hide-covered altar of Uskayaw.
  1743 | D:3      | Reached skill level 5 in Polearms
  1746 | D:3      | Reached XP level 4. HP: 17/39 MP: 3/3
  2008 | D:3      | Reached skill level 6 in Polearms
  2220 | D:3      | Reached XP level 5. HP: 27/45 MP: 4/4
  2427 | D:4      | Noticed Natasha
  2429 | D:4      | Noticed Dowan
  2433 | D:4      | Noticed Duvessa
  2437 | D:3      | Killed Natasha
  2437 | D:3      | Reached skill level 7 in Polearms
  2474 | D:3      | Noticed Natasha
  2478 | D:3      | Killed Natasha
  2506 | D:4      | Noticed Ijyb
  2517 | D:4      | Killed Ijyb
  2545 | D:4      | Reached XP level 6. HP: 28/51 MP: 5/5
  2546 | D:4      | Killed Duvessa
  2546 | D:4      | Reached skill level 8 in Polearms
  2552 | D:4      | Killed Dowan
  2563 | D:4      | Found a hazy altar of Hepliaklqana.
  2642 | D:4      | Reached skill level 9 in Polearms
  2714 | D:4      | Reached XP level 7. HP: 28/57 MP: 6/6
  2809 | D:4      | Found a glowing drain.
  2828 | Sewer    | Entered a sewer
  2916 | Sewer    | Found a white marble altar of Elyvilon.
  3092 | D:4      | Found a burning altar of Makhleb.
  3094 | D:4      | Noticed a balrug
  3101 | D:4      | Noticed a smoke demon
  3101 | D:4      | Noticed a neqoxec
  3103 | D:4      | Became a worshipper of Makhleb the Destroyer
  3151 | D:5      | Entered Level 5 of the Dungeon
  3166 | D:5      | Reached skill level 10 in Polearms
  3316 | D:5      | Gained mutation: You have a pair of large horns on your
                  | head. [potion of mutation]
  3316 | D:5      | Gained mutation: You are dopey. (Int -2) [potion of
                  | mutation]
  3316 | D:5      | Gained mutation: You possess an exceptional clarity of
                  | mind. [potion of mutation]
  3547 | D:5      | Reached skill level 11 in Polearms
  3681 | D:6      | Reached XP level 8. HP: 61/64 MP: 7/7
  3941 | D:6      | Found an opulent altar of Gozag.
  3981 | D:6      | Reached skill level 12 in Polearms
  3998 | D:6      | Reached * piety under Makhleb
  4136 | D:6      | Found Etathuoc's Weapon Shoppe.
  4147 | D:6      | Reached skill level 13 in Polearms
  4359 | D:6      | Reached ** piety under Makhleb
  4703 | D:7      | Reached XP level 9. HP: 59/70 MP: 8/8
  4745 | D:7      | Reached skill level 14 in Polearms
  4959 | D:7      | Reached skill level 5 in Fighting
  4959 | D:7      | Reached skill level 5 in Armour
  5057 | D:7      | Found a staircase to the Ecumenical Temple.
  5166 | D:7      | Found Niplyuss's Food Boutique.
  5287 | D:8      | Noticed Prince Ribbit
  5314 | D:8      | Killed Prince Ribbit
  5629 | D:8      | Found a radiant altar of Vehumet.
  5682 | D:8      | Noticed Psyche
  5701 | D:8      | Killed Psyche
  5736 | D:8      | Found a shimmering blue altar of Sif Muna.
  6209 | D:9      | Found a staircase to the Lair.
  6209 | D:9      | Noticed an unseen horror
  6230 | D:9      | Reached XP level 10. HP: 25/86 MP: 9/9
  6231 | D:9      | Killed an unseen horror
  6241 | D:9      | Reached *** piety under Makhleb
  6555 | Lair:1   | Entered Level 1 of the Lair of Beasts
  6720 | Lair:1   | Reached skill level 1 in Invocations
  6735 | Lair:1   | Reached skill level 5 in Shields
  6759 | Lair:1   | Noticed a spiny frog
  6769 | Lair:1   | Killed a spiny frog
  7203 | Lair:1   | Found a runed translucent door.
  7203 | Lair:1   | Noticed kalagan's ghost (novice GrEE)
  7203 | Lair:1   | Noticed a spiny frog
  7504 | Lair:2   | Noticed Erica
  7515 | Lair:2   | Killed Erica
  7586 | Lair:2   | Reached skill level 5 in Invocations
  7646 | Lair:2   | Reached XP level 11. HP: 85/95 MP: 9/13
  7819 | Lair:2   | Found a hole to the Spider Nest.
  7836 | Lair:2   | Noticed a death yak
  7836 | Lair:2   | Noticed a death yak
  7891 | Lair:2   | Killed a death yak
  7894 | Lair:2   | Killed a death yak
  8129 | Lair:2   | Found the +9 staff of Olgreb {rPois}
  8609 | Lair:3   | Reached skill level 10 in Shields
  8625 | Lair:3   | Reached skill level 1 in Evocations
  8628 | Lair:3   | Found a staircase to the Swamp.
  8663 | Lair:3   | Found a radiant altar of Vehumet.
  8742 | Lair:3   | Reached **** piety under Makhleb
  8759 | Lair:3   | Reached XP level 12. HP: 52/103 MP: 8/17
  9206 | Lair:3   | Found a runed translucent door.
  9208 | Lair:3   | Noticed Name63's ghost (journeyman GnWz)
  9209 | Lair:3   | Identified the +9 spear of Inference {drain, rC++ Dex-2}
  9658 | Lair:4   | Reached skill level 5 in Evocations
 10396 | Lair:5   | Found a staircase to the Slime Pits.
 10420 | Lair:5   | Reached skill level 10 in Invocations
 11370 | Lair:6   | Entered Level 6 of the Lair of Beasts
 11370 | Lair:6   | Noticed a death yak
 11370 | Lair:6   | Noticed a death yak
 11370 | Lair:6   | Noticed a death yak
 11370 | Lair:6   | Noticed a death yak
 11402 | Lair:4   | HP: 3/103 [death yak (8)]
 11403 | Lair:4   | Mangled by a death yak

Levels and vault maps discovered:
D:1:      psy_arrival_whirlpool, layout_basic, skrybe_limestone_x
D:2:      layout_basic
D:3:      layout_basic, gammafunk_temple_overflow_statue, first_ration
D:4:      layout_rooms, lemuel_doored_altar, makhleb_altar_promises_db,
          gup_sewer_entry_bubbles, uniq_ijyb, uniq_duvessa, uniq_natasha
D:5:      layout_basic
D:6:      layout_cave_pods, nicolae_gozag_seed_capital, serial_gnoll_camp,
          gnoll_camp_mini_loothouse, gnoll_camp_medium_02, gnoll_camp_mini_shop,
          gnoll_camp_mini_hut
D:7:      layout_cave_pools, minmay_temple_entry_statues, serial_shops, shop,
          the_bakery
D:8:      layout_basic, overflow_temple_1_default, basic_altar,
          uniq_prince_ribbit1, uniq_psyche
D:9:      layout_gridville, erik_lair_orcish_takeover, serial_shops, shop
Lair:1:   layout_cave_pods, ebering_ghost_inner_flame
Lair:2:   layout_cave_pods, spider_nest_entry_rubble, lemuel_fruit_tree,
          uniq_erica
Lair:3:   layout_chaotic_city, nicolae_swamp_entry_splash_gauntlet, basic_altar,
          ebering_ghost_funeral_grove, lemuel_fruit_fields
Lair:4:   layout_gridlike
Lair:5:   layout_cave_pods, minmay_slime_entry_oklob_open,
          nicolae_quartered_pool_little
Lair:6:   grunt_lair_end_beastmaster, layout_long_grid,
          chequers_serial_rivers_small_b, st_stairs_9, patterned_corridor,
          infiniplex_staircase_pool, uniq_nessos

Skill      XL: |  1  2  3  4  5  6  7  8  9 10 11 12 |
---------------+-------------------------------------+-----
Polearms       | 3 4 5 6 7 9 11 13 14 | 14.0
Armour         | 7 8 |  8.7
Fighting       | 7 8 |  8.7
Shields        | 7 10 | 10.0
Invocations    | 5 8 10 | 10.4
Evocations     | 3 6 |  6.3

Action                   |  1- 3 |  4- 6 |  7- 9 | 10-12 || total
-------------------------+-------+-------+-------+-------++-------
Melee: Trident           |   109 |   136 |   471 |   521 ||  1237
       Headbutt          |    19 |    20 |    59 |    92 ||   190
Invok: Lesser Servant of |       |       |       |     3 ||     3
  Use: Scroll            |     3 |     2 |     7 |     4 ||    16
       Potion            |     2 |     1 |     6 |     2 ||    11
 Stab: Distracted        |       |       |       |     2 ||     2
  Eat: Chunk             |     2 |     4 |    16 |    11 ||    33
       Ration            |       |       |       |     2 ||     2
Armor: Chain mail        |    40 |    54 |    41 |       ||   135
       Plate armour      |       |       |   158 |   204 ||   362
Dodge: Dodged            |    21 |    22 |    35 |    65 ||   143
       Deflected         |       |       |       |     1 ||     1
Block: Shield            |    53 |    59 |   152 |   190 ||   454
